 Dungeon Crawl Stone Soup version 0.26-a0-1205-g4083c211ab (webtiles) character file.

Game seed: 4920767539684878361

34 Goblin1989 the Sneak (level 3, -8/27 HPs)
             Began as a Demonspawn Brigand on Dec 30, 2020.
             Killed by nerve-wracking pain
             ... invoked by Jessica
              (13 damage)
             ... on level 2 of the Dungeon.
             The game lasted 00:02:03 (1118 turns).

Goblin1989 the Sneak (Demonspawn Brigand)           Turns: 1118, Time: 00:02:04

Health: -8/27      AC:  3    Str: 12    XL:     3   Next: 14%
Magic:  3/3        EV: 11    Int: 12    God:
Gold:   32         SH:  0    Dex: 14    Spells: 2/2 levels left

rFire    . . .     SeeInvis .   a - +2 dagger
rCold    . . .     Faith    .   (no shield)
rNeg     . . .     Spirit   .   b - +0 robe
rPois    .         Reflect  .   (no helmet)
rElec    .         Harm     .   c - +0 cloak
rCorr    .         Rampage  .   (no gloves)
Will     .....                  (no boots)
Stlth    ++........             (no amulet)
HPRegen  0.09/turn              (no ring)
MPRegen  0.08/turn              (no ring)

@: very slow
A: claws 1, spiny 1
a: no special abilities


You were on level 2 of the Dungeon.
You visited 1 branch of the dungeon, and saw 2 of its levels.

You collected 32 gold pieces.

Inventory:

Hand Weapons
 a - a +2 dagger (weapon)
Missiles
 d - 8 poisoned darts (quivered)
 e - 2 curare-tipped darts
Armour
 b - a +0 robe (worn)
 c - a +0 cloak (worn)
Scrolls
 g - a scroll of amnesia {unknown}
 h - a scroll of blinking {unknown}
 i - a scroll of magic mapping {unknown}
 j - a scroll of remove curse {unknown}


   Skills:
 - Level 2.0 Fighting
 - Level 2.1 Short Blades
 - Level 1.7 Throwing
 - Level 0.8 Dodging
 + Level 4.2 Stealth
 + Level 1.1 Unarmed Combat


You had 2 spell levels left.
You didn't know any spells.
Your spell library was empty.

Dungeon Overview and Level Annotations

Branches:
Dungeon (2/15)

Altars:

Annotations:
D:2 Jessica


Innate Abilities, Weirdness & Mutations

You have sharp fingernails.
You are partially covered in sharp spines.


Message History

No target in view!
No target in view!
Unknown command.
Unknown command.
You see here a dart slug corpse.
A rat comes into view.
A rat is nearby!
A rat is nearby!
A leopard gecko comes into view.
Found a stone staircase leading down.
You enter the shallow water.
Moving in this stuff is going to be slow.
Jessica the Apprentice Sorceress comes into view.
The leopard gecko hisses angrily.
You see here a dart slug corpse.
The leopard gecko closely misses you.
You hit the leopard gecko.
The leopard gecko is moderately wounded.
The leopard gecko is struck by your spines.
The leopard gecko bites you.
You take 3 damage, and have 24/27 hp.
You hit the leopard gecko but do no damage.
The leopard gecko is heavily wounded.
The leopard gecko is struck by your spines.
You kill the leopard gecko!
No target in view!
No target in view!
No target in view!
No target in view!
No target in view!
No target in view!
No target in view!
No target in view!
No target in view!
No target in view!
No target in view!
No target in view!
No target in view!
No target in view!
No target in view!
No target in view!
No target in view!
Unknown command.
Unknown command.
HP restored.
Things that are here:
a leopard gecko corpse; a dart slug corpse Health restored: 27 A rat is nearby!
You enter the shallow water.
Moving in this stuff is going to be slow.
Jessica shouts!
The rat barely misses you.
Jessica shouts, "Stop bothering me, or I'll kill you!"
You hit the rat.
The rat is moderately wounded.
The rat splashes around in the water.
You hit the rat.
You kill the rat!
Jessica points at you and mumbles some strange words.
Pain shoots through your body!
You take 10 damage, and have 17/27 hp.
MASSIVE DAMAGE!!
Jessica splashes around in the water.
You hit Jessica.
Jessica is moderately wounded.
Jessica splashes around in the water.
Your unstable footing causes you to fumble your attack.
Jessica completely misses you.
Your unstable footing causes you to fumble your attack.
Jessica points at you and mumbles some strange words.
Pain shoots through your body!
* * * LOW HITPOINT WARNING * * *
You are too injured to fight recklessly!
You take 13 damage, and have 5/27 hp.
MASSIVE DAMAGE!!
You are too injured to fight recklessly!
You are too injured to fight recklessly!
You are too injured to fight recklessly!
You are too injured to fight recklessly!
You are too injured to fight recklessly!
You are too injured to fight recklessly!
You are too injured to fight recklessly!
You are too injured to fight recklessly!
You are too injured to fight recklessly!
You are too injured to fight recklessly!
You are too injured to fight recklessly!
It was a potion of cancellation.
You feel magically purged.
Jessica grins evilly.
Jessica barely misses you.
Unknown command.
You aren't carrying any potions.
Unknown command.
You hit Jessica.
Jessica is severely wounded.
Jessica splashes around in the water.
Your unstable footing causes you to fumble your attack.
Jessica is struck by your spines. Jessica closely misses you.
Your unstable footing causes you to fumble your attack.
Jessica points at you and mumbles some strange words.
Pain shoots through your body!
You die...

█ .█ ██ █. .█
≈≈██ ██> .█≈≈≈≈█
████..███.█≈≈≈≈█
........≈≈█≈.≈≈█
≈≈.≈≈≈@≈.≈≈≈≈≈≈█
≈≈.≈≈≈≈@†≈≈.≈≈≈≈
≈≈≈≈.≈≈.≈≈≈≈≈≈≈█
≈.≈.≈≈≈≈≈≈≈.≈.≈█
≈.≈≈.≈...≈..≈≈██
█.█..███.██████
█ █.█ █.█ █. █†█
█ █.█ .█.████.█


You could see Jessica.

Vanquished Creatures
  2 dart slugs
  A leopard gecko (D:2)
  8 bats (D:1)
  A giant cockroach (D:1)
  A goblin (D:1)
  3 hobgoblins (D:1)
  3 jackals (D:1)
  3 kobolds (D:1)
  2 frilled lizards (D:1)
  3 rats
27 creatures vanquished.

Notes
Turn   | Place    | Note
-------+----------+-------------------------------------------
     0 | D:1      | Goblin1989 the Demonspawn Brigand began the quest for the
                  | Orb.
     0 | D:1      | Reached XP level 1. HP: 16/16 MP: 1/1
    46 | D:1      | Gained mutation: You have sharp fingernails. [demonic
                  | ancestry]
    46 | D:1      | Reached XP level 2. HP: 18/22 MP: 2/2
   126 | D:1      | Reached skill level 4 in Stealth
   857 | D:1      | Reached skill level 1 in Unarmed Combat
   872 | D:1      | Gained mutation: You are partially covered in sharp spines.
                  | [demonic ancestry]
   872 | D:1      | Reached XP level 3. HP: 20/27 MP: 3/3
  1058 | D:2      | Noticed Jessica
  1118 | D:2      | Killed from afar by Jessica

Illustrated notes

Levels and vault maps discovered:
D:1:      scummos_arrival_checkerplants, layout_rooms
D:2:      layout_loops_ring, serial_rivers, chequers_serial_rivers_marsh,
          chequers_serial_rivers_room_a, chequers_serial_rivers_large_a,
          chequers_serial_rivers_large_b, chequers_serial_rivers_micro_e,
          chequers_serial_rivers_micro_a, uniq_jessica

Skill      XL: |  1  2 |
---------------+-------+-----
Short Blades   | 2 |  2.1
Stealth        | 4 |  4.2
Unarmed Combat | 1 |  1.1
Fighting       | |  2.0
Throwing       | |  1.7
Dodging        | |  0.8

Action                   || total
-------------------------++-------
Melee: Dagger            ||    98
  Use: Potion            ||     1
 Stab: Sleeping          ||     2
Armor: Robe              ||    31
Dodge: Dodged            ||    82

Table legend: (Time is in decaauts)
 A = Elapsed time spent in this place.
 B = Non-inter-level travel time spent in this place.
 C = Inter-level travel time spent in this place.
 D = Time resting spent in this place.
 E = Time spent auto-exploring this place.
 F = Levels seen in this place.
 G = Mean time per level.
                   A        B        C        D        E       F      G
               +--------+--------+--------+--------+--------+-----+--------+
         Total |   1110 |   1080 |     30 |      0 |    868 |   2 |  555.0 |
       Dungeon |   1110 |   1080 |     30 |      0 |    868 |   2 |  555.0 |
               +--------+--------+--------+--------+--------+-----+--------+

Top non-repeatable levels by time:
     D:1: 1037 daAuts
     D:2: 72 daAuts
